 Dungeon Crawl Stone Soup version 0.17-a0-2115-g0d8b93e (webtiles) character file.

463 Maka the Slasher (level 7, -2/45 HPs)
             Began as a Halfling Fighter on Oct 20, 2015.
             Was a Follower of Okawaru.
             Slain by an ogre
             ... wielding a +0 giant spiked club
              (10 damage)
             ... on level 4 of the Dungeon.
             The game lasted 00:07:13 (3930 turns).

Maka the Slasher (Halfling Fighter)                 Turns: 3930, Time: 00:07:14

Health: -2/45      AC: 11    Str: 16    XL:     7   Next: 29%
Magic:  7/7        EV:  9    Int:  7    God:    Okawaru [*.....]
Gold:   53         SH: 10    Dex: 16    Spells: 0 memorised, 6 levels left

rFire  . . .     SeeInvis .     a - +0 long sword
rCold  . . .     Clarity  .     b - +0 scale mail
rNeg   . . .     SustAt   .     c - +0 shield
rPois  .         Gourm    .     s - +0 helmet
rElec  .         Spirit   .     x - +2 cloak
rCorr  .         Warding  .     (no gloves)
rMut   .         Stasis   .     (no boots)
MR     +....                    (no amulet)
Stlth  ..........               (no ring)
                                o - ring of protection from magic

@: somewhat resistant to hostile enchantments, extremely unstealthy
A: mutation resistance 1
a: Heroism, Renounce Religion


You were on level 4 of the Dungeon.
You worshipped Okawaru.
Okawaru was aware of your devotion.
You were not hungry.

You visited 1 branch of the dungeon, and saw 4 of its levels.

You collected 223 gold pieces.
You spent 170 gold pieces at shops.

Inventory:

Hand Weapons
 a - a +0 long sword (weapon)
Armour
 b - a +0 scale mail (worn)
 c - a +0 shield (worn)
 s - a +0 helmet (worn)
 x - a +2 cloak (worn)
Jewellery
 o - a ring of protection from magic (left hand)
Scrolls
 h - 3 scrolls of enchant weapon {unknown}
 i - 2 scrolls of remove curse {unknown}
 k - 4 scrolls of identify
 q - a scroll of amnesia {unknown}
 r - a scroll of fear {unknown}
 t - a scroll of noise {unknown}
 v - a scroll of magic mapping {unknown}
 w - 2 scrolls of teleportation
Potions
 d - a potion of might
 f - 2 potions of heal wounds
 l - 3 potions of resistance
 n - a potion of magic
 p - 2 potions of curing
 u - a potion of invisibility
Comestibles
 e - 5 bread rations
 g - 2 meat rations
 m - 5 fruits
 z - a chunk of flesh


   Skills:
 - Level 2.6 Fighting
 + Level 6.0 Long Blades
 - Level 5.0 Armour
 - Level 4.2 Shields


You had 6 spell levels left.
You didn't know any spells.

Dungeon Overview and Level Annotations

Branches:
Dungeon (4/15)
 Temple: D:4-7

Altars:
Fedhas
Okawaru
Sif Muna
The Shining One

Shops:
D:4 ?*[*


Innate Abilities, Weirdness & Mutations

You are small and have problems with some larger weapons.
You are somewhat resistant to further mutation.


Message History

You see here a giant gecko corpse.
You butcher the giant gecko corpse.
z - 2 chunks of flesh An ogre comes into view.
It is wielding a giant spiked club.
Eat one of 2 chunks of flesh? (ye/n/q/i?) This raw flesh tastes terrible.
You continue eating. x2
Eat which item? (? for menu, Esc to quit)
That beef jerky was delicious!
You slash the ogre!
The ogre is moderately wounded.
The ogre hits you with a giant spiked club!
You hit the ogre.
The ogre is moderately wounded.
The ogre hits you with a giant spiked club!!
* * * LOW HITPOINT WARNING * * *
You slash the ogre!
The ogre is severely wounded.
The ogre hits you with a giant spiked club!
You die...

.........PP.♣........P♣..########
.#'#..P♣.♣♣P.♣♣.....♣♣♣♣.#.......
.#.#..♣P♣.P♣♣♣.♣.....P.♣.#.######
.###.PP..♣♣§♣P♣....♣♣♣.....#
)....♣..♣♣♣♣§♣P.....♣♣♣#.###
.......♣♣[..♣.♣..♣P♣.♣♣#.#
....P.♣♣P.♣♣.♣P♣..♣♣♣..#.#
.P.....P♣♣.♣.♣P.O♣.♣.♣...#
...P...P♣P......@P♣.#♣####
♣......♣..♣.♣♣..♣.♣...###########
.♣.♣........♣..♣.♣..#.#..........
P♣♣♣♣......♣.♣♣♣..P##.#.#########
♣...P♣.##.....♣ .P.##.#.#
...P♣......♣♣.#♣♣♣.#....#
###.##.##..#....###.....#
####!#.#)#.####..#.#...##
#⌠.⌠#...##.# #.#.###.##


You could see an ogre.

Vanquished Creatures
  A phantom (D:4)
  An iguana (D:4)
  2 orc wizards (D:3)
  3 worker ants (D:4)
  A hound skeleton (D:4)
  3 gnolls (D:4)
  8 adders
  2 river rats (D:4)
  An adder skeleton (D:4)
  2 worms
  11 orcs (D:3)
  9 bats
  4 giant cockroaches
  7 goblins
  5 hobgoblins
  3 jackals (D:2)
  8 kobolds
  3 quokkas
  5 giant geckos
  4 giant newts
  8 rats
91 creatures vanquished.

Vanquished Creatures (others)
  A bat (D:2)
  A plant (D:4)
2 creatures vanquished.

Grand Total: 93 creatures vanquished

Notes
Turn   | Place    | Note
--------------------------------------------------------------
     0 | D:1      | Maka the Halfling Fighter began the quest for the Orb.
     0 | D:1      | Reached XP level 1. HP: 15/15 MP: 1/1
     2 | D:1      | Noticed an electric eel
   130 | D:1      | Reached XP level 2. HP: 20/20 MP: 2/2
   715 | D:2      | Reached XP level 3. HP: 23/25 MP: 3/3
  1142 | D:2      | Reached skill level 4 in Long Blades
  1142 | D:2      | Reached XP level 4. HP: 12/30 MP: 4/4
  1337 | D:2      | Found an iron altar of Okawaru.
  1347 | D:2      | Became a worshipper of Warmaster Okawaru
  1354 | D:2      | Found a glowing golden altar of the Shining One.
  1359 | D:2      | Found a blossoming altar of Fedhas.
  2097 | D:3      | Found a deep blue altar of Sif Muna.
  2148 | D:3      | Reached skill level 5 in Long Blades
  2148 | D:3      | Reached XP level 5. HP: 23/35 MP: 5/5
  2685 | D:3      | Reached XP level 6. HP: 39/41 MP: 6/6
  3151 | D:4      | Reached skill level 6 in Long Blades
  3278 | D:4      | Reached * piety under Okawaru
  3291 | D:4      | Found Locadeh's Armour Emporium.
  3301 | D:4      | Bought a +0 helmet for 58 gold pieces
  3420 | D:4      | Found Qeot Noulae's Magic Scroll Boutique.
  3427 | D:4      | Bought a scroll of identify for 28 gold pieces
  3427 | D:4      | Bought a scroll of teleportation for 42 gold pieces
  3641 | D:4      | Found Veosec's General Store.
  3646 | D:4      | Bought a potion of curing for 42 gold pieces
  3658 | D:4      | Found Damut's Assorted Antiques.
  3866 | D:4      | Reached skill level 5 in Armour
  3866 | D:4      | Reached XP level 7. HP: 41/45 MP: 7/7
  3930 | D:4      | Slain by an ogre

Vault maps used:
D:1:      arrival_aquarium_a, kennysheep_another_room
D:2:      minmay_overflow_temple_star_quad, lemuel_another_geyser
D:3:      lemuel_crystal_altar, minmay_door_square, kennysheep_generic_room_8
D:4:      wad_woods_settlement, first_bread, serial_shops, shop, shop,
          kennysheep_mini_moat, shop_fountains

Action                   |  1- 3 |  4- 6 |  7- 9 || total
-------------------------+-------+-------+-------++-------
Melee: Long sword        |    96 |   274 |    21 ||   391
  Use: Scroll            |       |     6 |       ||     6
  Eat: Chunk             |     1 |     8 |     1 ||    10
       Beef jerky        |       |       |     1 ||     1
